 Dungeon Crawl Stone Soup version 0.16-a0-3154-g62f4276 (webtiles) character file.

5353 Phoenix the Carver (level 10, -2/69 HPs)
             Began as a Lacertilian Berserker on June 30, 2015.
             Was a Believer of Okawaru.
             Slain by a troll (7 damage)
             ... on level 9 of the Dungeon.
             The game lasted 00:45:32 (8813 turns).

Phoenix the Carver (Lacertilian Berserker)          Turns: 8813, Time: 00:45:32

Health: -2/69      AC: 10    Str: 17    XL:     10   Next: 38%
Magic:  15/15      EV: 16    Int:  7    God:    Okawaru [**....]
Gold:   224        SH:  0    Dex: 17    Spells: 2 memorised, 5 levels left

rFire  . . .     SeeInvis .     M - +3 great sword (holy)
rCold  + . .     Clarity  .     D - +0 leather armour of Gallantry {Slay+4}
rNeg   . . .     SustAb   .     (no shield)
rPois  +         Gourm    .     j - +0 helmet
rElec  .         Spirit   .     (no cloak)
rCorr  .         Warding  .     g - +0 pair of gloves
rMut   .         Stasis   .     (no boots)
MR     +....                    w - amulet of regeneration
Stlth  +++.......               d - ring of poison resistance
                                i - ring of magical power

@: confused, heroism, somewhat resistant to hostile enchantments, fairly
stealthy
A: strong connection with the divine, slimy green scales 2, camouflage 2, cold
resistance 1, low mp 1, magic resistance 1
a: Heroism, Renounce Religion


You were on level 9 of the Dungeon.
You worshipped Okawaru.
Okawaru was pleased with you.
You were not hungry.

You visited 2 branches of the dungeon, and saw 10 of its levels.

You collected 448 gold pieces.
You spent 224 gold pieces at shops.

Inventory:

Hand weapons
 a - a +0 falchion
 M - a +3 great sword of holy wrath (weapon)
Missiles
 v - 6 javelins of penetration (quivered)
Armour
 b - a +0 animal skin
 g - a +0 pair of gloves (worn)
 j - a +0 helmet (worn)
 x - a +0 chain mail
 D - the +0 leather armour of Gallantry (worn) {Slay+4}
   (You bought it in a shop on level 4 of the Dungeon)

   It affects your accuracy and damage with ranged weapons and melee attacks
   (+4).
 K - a +0 scale mail of fire resistance
 P - a troll hide
 Q - the +2 buckler "Xucves" {rF+ Int+3 Dex+3 Stlth-}
   (You found it on level 8 of the Dungeon)

   It affects your intelligence (+3).
   It affects your dexterity (+3).
   It protects you from fire.
   It makes you less stealthy.
 S - a troll hide
 U - a +0 cloak
Magical staves
 u - an uncursed staff of fire
Jewellery
 d - a ring of poison resistance (right hand)
 i - a ring of magical power (left hand)
 o - an uncursed amulet of warding
 w - an amulet of regeneration (around neck)
Magical devices
 C - a wand of flame (23)
 F - a wand of enslavement (12)
 G - a wand of paralysis (17)
 I - a wand of lightning (6)
 J - a wand of frost (0)
Scrolls
 e - 7 scrolls of identify
 l - 3 scrolls of remove curse
 p - 3 scrolls of teleportation {unknown}
 r - a scroll of blinking {unknown}
 t - 2 scrolls of immolation {unknown}
 y - 5 scrolls of enchant weapon {unknown}
 E - 4 scrolls of enchant armour {unknown}
 H - 2 scrolls of noise {unknown}
 R - a scroll of recharging {unknown}
Potions
 f - 3 potions of haste {unknown}
 h - a potion of cancellation {unknown}
 k - 5 potions of heal wounds {unknown}
 m - 3 potions of curing {unknown}
 n - 2 potions of restore abilities {unknown}
 s - a potion of degeneration {unknown}
 A - 3 potions of might {unknown}
Books
 q - a book of Enchantments

   Spells                             Type                      Level
   a - Tukima's Dance                 Hexes                        3
   b - Cause Fear                     Hexes                        4
   c - Silence                        Hexes/Air                    5
   d - Deflect Missiles               Charms/Air                   6
   e - Haste                          Charms                       6
   f - Discord                        Hexes                        8
 T - a book of Minor Magic

   Spells                             Type                      Level
   a - Magic Dart                     Conjuration                  1
   b - Blink                          Translocation                2
   c - Call Imp                       Summoning                    2
   d - Repel Missiles                 Charms/Air                   2
   e - Slow                           Hexes                        2
   f - Conjure Flame                  Conjuration/Fire             3
   g - Mephitic Cloud                 Conjuration/Poison/Air       3
Comestibles
 c - 5 bread rations
 z - 2 fruits
 B - 2 slices of pizza
 L - a meat ration
 N - 13 chunks of flesh


   Skills:
 + Level 6.7(11.7) Fighting
 * Level 10.8(15.8) Long Blades
 + Level 4.2(9.2) Armour
 - Level 2.0(7.0) Dodging
 + Level 8.0(13.0) Stealth
 * Level 0.3 Spellcasting


You had 5 spell levels left.
You knew the following spells:

 Your Spells              Type           Power        Failure   Level  Hunger
a - Blink                 Tloc           N/A          73%         2    ###....
b - Slow                  Hex            #.......     73%         2    ###....


Dungeon Overview and Level Annotations

Branches:
Dungeon (9/15)             Temple (1/1) D:5            Lair (0/8) D:9
    Orc: D:9-12

Altars:
Ashenzari
Cheibriados
Dithmenos
Elyvilon
Fedhas
Gozag
Kikubaaqudgha
Makhleb
Nemelex Xobeh
Okawaru
Qazlal
Ru
Sif Muna
Trog
Vehumet
Xom
Yredelemnul
Zin
The Shining One

Shops:
D:4 [   D:9 %

Annotations:
D:9 1 exclusion


Innate Abilities, Weirdness & Mutations

You have a strong connection with the divine.
You may change religions without suffering divine wrath.
You are mostly covered in slimy green scales (AC +3).
Your skin blends seamlessly with your surroundings (Stealth).
Your flesh is cold resistant.
Your magical capacity is low (-10% MP).
You are resistant to hostile enchantments.


Message History

The bolt of electricity hits you!
* * * LOW HITPOINT WARNING * * *
The troll bites you.
* * * LOW HITPOINT WARNING * * *
The troll barely misses you. The troll claws you.
* * * LOW HITPOINT WARNING * * *
Drink which item? (? for menu, Esc to quit)
You are confused.
You feel invigorated. The troll misses you.
The troll claws you but does no damage. x2
The electric eel shoots out a bolt of lightning at you!
The bolt of electricity hits you!
* * * LOW HITPOINT WARNING * * *
The troll misses you. The troll claws you but does no damage.
The troll misses you.
Unknown command.
The troll bites you!
* * * LOW HITPOINT WARNING * * *
The troll barely misses you. The troll claws you!
You die...

)..........%.........
#.###.##.
.≈....≈.........≈....#
#.....###
...≈..≈≈≈.≈≈..≈≈.....##
####### #
...≈≈≈≈≈≈≈≈≈≈≈≈≈≈≈....##
.≈..≈≈≈≈.≈≈≈≈≈≈≈≈≈≈.....
...≈≈≈(.≈...≈≈≈≈......# #
.≈≈.≈≈≈..(..≈≈≈≈≈≈≈...#
###.#####
..;≈≈≈..>.............#
#<.......
≈≈≈≈≈≈≈.....≈≈≈≈@T≈...#
#.#.#####
.≈≈≈≈.≈≈≈≈≈≈≈≈≈≈;≈...#
#.# # #
≈≈≈≈≈≈≈≈≈.≈≈≈≈....###.#.
#
≈≈≈≈≈≈≈≈≈≈.≈≈≈..........#
#
.≈≈≈≈≈≈≈≈≈..≈≈...####.#.#
#
≈≈≈≈≈≈≈..≈......####.#.#
≈≈≈≈≈..........##.....##
####....###..###......# #
###..# #...(.......# ##


You could see a troll and an electric eel.

Vanquished Creatures
  The ghost of TittyCrusher the Green Death, an experienced LaHe of Fedhas (D:6)
  3 trolls
  4 wolves
  3 ice beasts
  3 sky beasts (D:6)
  2 ogres
  3 phantoms
  4 orc warriors
  2 centaurs
  A big kobold (D:8)
  5 giant frogs
  3 wights (D:6)
  3 jellies
  A giant frog zombie (D:3)
  8 crimson imps
  2 goliath beetles (D:8)
  6 hounds
  A giant frog skeleton (D:8)
  2 orc priests
  2 iguanas
  7 orc wizards
  5 worker ants
  A hell rat (D:7)
  A worker ant zombie (D:6)
  8 adders
  13 gnolls
  6 river rats (D:7)
  3 shadow imps
  A worm (D:4)
  2 adder skeletons
  11 giant geckos
  42 orcs
  A bat skeleton (D:4)
  7 giant cockroaches
  13 goblins
  11 hobgoblins
  4 quokkas
  12 bats
  A giant gecko skeleton (D:6)
  10 giant newts
  5 jackals
  A jackal skeleton (D:6)
  24 kobolds
  A quokka zombie (D:5)
  40 rats
  A plant (D:2)
290 creatures vanquished.

Vanquished Creatures (collateral kills)
  Grinder (D:4)
  An orc warrior (D:7)
  2 orcs (D:7)
  A bat (D:7)
5 creatures vanquished.

Grand Total: 295 creatures vanquished

Notes
Turn   | Place    | Note
--------------------------------------------------------------
     0 | D:1      | Phoenix, the Lacertilian Berserker, began the quest for the Orb.
     0 | D:1      | Reached XP level 1. HP: 15/15 MP: 1/1
   338 | D:1      | Reached skill level 3 in Long Blades
   365 | D:1      | Reached XP level 2. HP: 20/20 MP: 2/2
   464 | D:1      | Acquired Trog's second power
   771 | D:2      | Reached skill level 1 in Stealth
   771 | D:2      | Reached XP level 3. HP: 13/25 MP: 3/3
  1904 | D:3      | Acquired Trog's third power
  1904 | D:3      | Reached XP level 4. HP: 29/31 MP: 3/3
  2112 | D:3      | Found a shimmering altar of Xom.
  2225 | D:3      | Reached skill level 4 in Long Blades
  2225 | D:3      | Reached XP level 5. HP: 22/36 MP: 4/4
  2342 | D:3      | Noticed an ice beast
  2359 | D:3      | Killed an ice beast
  2359 | D:3      | Reached XP level 6. HP: 33/43 MP: 5/5
  2468 | D:3      | Received a gift from Trog
  2543 | D:3      | Found a bloodstained altar of Trog.
  2929 | D:4      | Reached skill level 5 in Long Blades
  3023 | D:4      | Found Frou's Antique Armour Shoppe.
  3098 | D:4      | Noticed Grinder
  3110 | D:4      | Killed Grinder
  3110 | D:4      | Gained mutation: Your skin blends seamlessly with your surroundings (Stealth). [lacertilian growth]
  3110 | D:4      | Reached XP level 7. HP: 48/48 MP: 5/5
  3175 | D:4      | Received a gift from Trog
  3290 | D:5      | Entered Level 5 of the Dungeon
  3322 | D:4      | Reached skill level 6 in Long Blades
  3559 | D:5      | Found a staircase to the Ecumenical Temple.
  4160 | D:5      | Reached XP level 8. HP: 54/54 MP: 6/6
  4349 | Temple   | Entered the Ecumenical Temple
  4471 | D:6      | Reached skill level 7 in Long Blades
  4475 | D:6      | Gained mutation: Your magical capacity is low (-10% MP). [mutagenic meat]
  4476 | D:6      | Gained mutation: You evolve. [mutagenic meat]
  4522 | D:6      | Noticed TittyCrusher's ghost (experienced LaHe)
  4618 | D:6      | Reached skill level 5 in Fighting
  4798 | D:5      | Reached skill level 5 in Stealth
  4901 | D:4      | Bought a smoking leather armour for 224 gold pieces
  4911 | D:4      | Identified the +0 leather armour of Gallantry {Slay+4} (You bought it in a shop on level 4 of the Dungeon)
  5173 | D:6      | Reached skill level 8 in Long Blades
  5406 | D:6      | Killed TittyCrusher's ghost
  5479 | D:6      | Reached XP level 9. HP: 43/61 MP: 6/6
  5542 | D:6      | Gained mutation: You are resistant to hostile enchantments. [mutagenic meat]
  5612 | D:6      | Found a radiant altar of Vehumet.
  5620 | D:6      | Found a burning altar of Makhleb.
  5711 | D:6      | Reached skill level 9 in Long Blades
  6416 | D:7      | Received a gift from Trog
  6532 | Temple   | Fell from the grace of Trog
  6532 | Temple   | Became a worshipper of Warmaster Okawaru
  7220 | D:8      | Found a snail-covered altar of Cheibriados.
  7353 | D:8      | Acquired Okawaru's first power
  7404 | D:8      | Got a bloodstained buckler
  7411 | D:8      | Identified the cursed +2 buckler "Xucves" {rF+ Int+3 Dex+3 Stlth-} (You found it on level 8 of the Dungeon)
  7707 | D:9      | Reached skill level 10 in Long Blades
  7746 | D:9      | Found a sparkling altar of Nemelex Xobeh.
  7747 | D:9      | Found an opulent altar of Gozag.
  7839 | D:9      | Reached XP level 10. HP: 69/69 MP: 6/6
  7912 | D:9      | Found Naibyqib's Food Emporium.
  7985 | D:9      | Gained mutation: Your flesh is cold resistant. [evolution]
  7985 | D:9      | Lost mutation: You evolve. [end of evolution]
  8468 | D:9      | Learned a level 2 spell: Blink
  8471 | D:9      | Learned a level 2 spell: Slow
  8797 | D:9      | Found a staircase to the Lair.
  8813 | D:9      | Slain by a troll

Action                   |  1- 3 |  4- 6 |  7- 9 | 10-12 || total
-------------------------+-------+-------+-------+-------++-------
Melee: Falchion          |   183 |   163 |   547 |       ||   893
       Great sword       |       |       |   109 |    79 ||   188
Throw: Javelin           |       |       |     1 |     3 ||     4
Invok: Berserk           |     1 |     2 |     5 |       ||     8
       Trog's Hand       |       |     1 |     9 |       ||    10
       Brothers in Arms  |       |     1 |     1 |       ||     2
       Heroism           |       |       |       |     3 ||     3
  Use: Scroll            |       |       |     2 |       ||     2
       Potion            |       |       |       |     1 ||     1
 Stab: Sleeping          |     6 |     8 |    25 |     6 ||    45
       Distracted        |       |       |     2 |       ||     2
  Eat: Meat ration       |     1 |     1 |       |       ||     2
       Pizza             |       |     1 |       |       ||     1
       Chunk             |       |       |    11 |     5 ||    16
       Beef jerky        |       |       |     1 |       ||     1
       Bread ration      |       |       |     4 |       ||     4
